 Dungeon Crawl Stone Soup version 0.28.0-53-g5a82cb258f (webtiles) character file.

Game seed: 17953610077216798165

76427 jiml777 the Thaumaturge (level 15, -1/115 HPs)
             Began as a Gnoll Air Elementalist on July 20, 2022.
             Was an Elder of Ashenzari.
             Slain by a polar bear (17 damage)
             ... on level 6 of the Lair of Beasts.
             The game lasted 02:17:03 (17699 turns).

jiml777 the Thaumaturge (Gnoll Air Elementalist)   Turns: 17699, Time: 02:17:04

Health: -1/115     AC: 12    Str:  9    XL:     15   Next: 53%
Magic:  39/39      EV: 20    Int: 21    God:    Ashenzari [****..]
Gold:   1791       SH: 10    Dex: 12    Spells: 9/36 levels left

rFire   + . .      SeeInvis +   g - +8 broad axe of Ashenzari's Doubts {vorpal, rC+ MP+9, Alch, Fort} (curse)
rCold   + + .      Faith    .   o - +3 buckler of Ashenzari's Soothsayer {Cun, Elem} (curse)
rNeg    . . .      Spirit   .   R - +2 leather armour {rC+ rF+}
rPois   .          Reflect  .   u - +0 helmet of the Tethered Regret {Bglg, Elem} (curse)
rElec   .          Harm     .   s - +0 cloak "Enigmatic Scepticism" {Comp, Melee} (curse)
rCorr   .          Rampage  .   M - +1 pair of gloves of the Sidereal Yoke {Stlth+, Alch, Elem} (curse)
Will    +....      Clarity  +   (no boots)
Stlth   ++++++....              n - amulet of the Bound Evening Star {Regen+, Elem, Evo} (curse)
HPRegen 1.09/turn               m - ring "Gaze Upon Infinity" {EV+4, Melee, Evo} (curse)
MPRegen 0.26/turn               D - ring of wizardry

@: no status effects
A: fangs 1, strong nose, distributed training, evolution 1, MP-powered wands
a: Renounce Religion, Shatter the Chains


You were on level 6 of the Lair of Beasts.
You worshipped Ashenzari.
Ashenzari was greatly pleased with you.
You visited 3 branches of the dungeon, and saw 17 of its levels.
You also visited: Sewer, Ossuary, Ice Cave and Volcano.

You collected 2197 gold pieces.
You spent 406 gold pieces at shops.

Inventory:

Hand Weapons
 b - a +1 vorpal short sword
 f - a +2 shortbow of flaming
 g - the cursed +8 broad axe of Ashenzari's Doubts (weapon) {vorpal, rC+ MP+9, Alch, Fort}
   (You acquired it on level 4 of the Dungeon)

   It inflicts extra damage upon your enemies.
   rC:        It protects you from cold.
   MP:        It affects your magic capacity (+9).
   It has a curse which improves the following skills: Alchemy: Poison Magic and
   Transmutations.
   Fortitude: Armour and Shields.
 t - a +2 quarterstaff of chaos
 z - the +4 morningstar "Peug" {vorpal, Str+3 Int+2 Dex+2}
   (You took it off an orc warrior on level 7 of the Dungeon)

   It inflicts extra damage upon your enemies.
   Str:       It affects your strength (+3).
   Int:       It affects your intelligence (+2).
   Dex:       It affects your dexterity (+2).
 G - a +0 fustibalus of freezing
 N - a +0 demon trident of flaming
Missiles
 c - 456 stones
 h - 178 bolts
 k - 49 sling bullets
 q - 208 arrows
 I - 17 poisoned darts
 O - 4 curare-tipped darts
Armour
 o - the cursed +3 buckler of Ashenzari's Soothsayer (worn) {Cun, Elem}
   (You found it on level 2 of the Dungeon)

   It has a curse which improves the following skills: Cunning: Dodging and
   Stealth.
   Elements:  Fire Magic, Ice Magic, Air Magic and Earth Magic.
 s - the cursed +0 cloak "Enigmatic Scepticism" (worn) {Comp, Melee}
   (You took it off Crazy Yiuf on level 3 of the Dungeon)

   It has a curse which improves the following skills: Companions: Summonings
   and Necromancy.
   Melee Combat: Short Blades, Long Blades, Axes, Maces & Flails, Polearms,
   Staves and Unarmed Combat.
 u - the cursed +0 helmet of the Tethered Regret (worn) {Bglg, Elem}
   (You took it off Robin on level 3 of the Dungeon)

   It has a curse which improves the following skills: Beguiling: Conjurations,
   Hexes and Translocations.
   Elements:  Fire Magic, Ice Magic, Air Magic and Earth Magic.
 F - +0 fire dragon scales
 J - the +1 leather armour of Peivvye {+Inv Will+ Dex+4}
   (You found it on level 6 of the Lair of Beasts)

   Dex:       It affects your dexterity (+4).
   +Inv:      It lets you turn invisible.
   Will:      It increases your willpower.
 M - the cursed +1 pair of gloves of the Sidereal Yoke (worn) {Stlth+, Alch, Elem}
   (You found it in a volcano)

   It has a curse which improves the following skills: Alchemy: Poison Magic and
   Transmutations.
   Elements:  Fire Magic, Ice Magic, Air Magic and Earth Magic.
 R - a +2 leather armour of resistance (worn)
Magical Staves
 a - a staff of air
Jewellery
 m - the cursed ring "Gaze Upon Infinity" (left hand) {EV+4, Melee, Evo}
   (You found it on level 2 of the Dungeon)

   [ring of evasion]

   EV:        It affects your evasion (+4).
   It has a curse which improves the following skills: Melee Combat: Short
   Blades, Long Blades, Axes, Maces & Flails, Polearms, Staves and Unarmed
   Combat.
   Evocations: Evocations.
 n - the cursed amulet of the Bound Evening Star (around neck) {Regen+, Elem, Evo}
   (You found it on level 2 of the Dungeon)

   [amulet of regeneration]

   Regen:     It increases your rate of health regeneration.
   It has a curse which improves the following skills: Elements: Fire Magic, Ice
   Magic, Air Magic and Earth Magic.
   Evocations: Evocations.
 v - the amulet of Evidweps {Faith rElec Dex+5 Slay-3}
   (You found it in an ice cave)

   [amulet of faith]

   It allows you to gain divine favour quickly.
   Dex:       It affects your dexterity (+5).
   Slay:      It affects your accuracy & damage with ranged weapons and melee
   (-3).
   rElec:     It insulates you from electricity.
 D - a ring of wizardry (right hand)
 S - a ring of magical power
Wands
 A - a wand of acid (2)
 P - a wand of digging (4)
 Q - a wand of mindburst (5)
 U - a wand of polymorph (7)
Scrolls
 d - 2 scrolls of fear
 e - a scroll of enchant weapon
 i - 11 scrolls of teleportation
 r - 3 scrolls of amnesia
 x - 6 scrolls of identify
 y - a scroll of silence
 H - a scroll of brand weapon
 T - a scroll of blinking
 W - a scroll of summoning
Potions
 j - 3 potions of invisibility
 l - 2 potions of magic
 p - 3 potions of lignification
 w - a potion of haste
 B - 3 potions of brilliance
 C - 2 potions of curing
 E - 3 potions of mutation
 K - a potion of might
 L - 2 potions of cancellation
 V - a potion of resistance


   Skills:
 + Level 10.1 Fighting
 + Level 10.1(13.1) Short Blades
 + Level 10.1(13.1) Long Blades
 + Level 10.1(13.1) Axes
 + Level 10.1(13.1) Maces & Flails
 + Level 10.1(13.1) Polearms
 + Level 10.1(13.1) Staves
 + Level 10.1 Slings
 + Level 10.1 Bows
 + Level 10.1 Crossbows
 + Level 10.1 Throwing
 + Level 10.1(12.1) Armour
 + Level 11.1(13.0) Dodging
 + Level 11.0(12.9) Stealth
 + Level 10.1(12.1) Shields
 + Level 10.1(13.1) Unarmed Combat
 + Level 11.3 Spellcasting
 + Level 8.8(10.8) Conjurations
 + Level 8.5(10.5) Hexes
 + Level 8.5(10.5) Summonings
 + Level 8.5(10.5) Necromancy
 + Level 8.5(10.5) Translocations
 + Level 8.5(11.5) Transmutations
 + Level 8.5(13.2) Fire Magic
 + Level 8.5(13.2) Ice Magic
 + Level 10.1(14.8) Air Magic
 + Level 8.5(13.2) Earth Magic
 + Level 8.5(11.5) Poison Magic
 + Level 11.0 Invocations
 + Level 10.1(13.1) Evocations


You had 9 spell levels left.
You knew the following spells:

 Your Spells              Type           Power      Damage    Failure   Level
a - Shock                 Conj/Air       100%       1d9       1%          1
b - Static Discharge      Conj/Air       60%        N/A       1%          2
c - Swiftness             Air            65%        N/A       1%          3
d - Airstrike             Air            32%        N/A       1%          4
e - Conjure Ball Lightni  Conj/Air       30%        3x3d10    2%          6
f - Freezing Cloud        Conj/Ice/Air   30%        6-21      1%          5
g - Simulacrum            Ice/Necr       29%        N/A       4%          6

Your spell library contained the following spells:

 Spells                   Type           Power      Damage    Failure   Level
 Apportation              Tloc           100%       N/A       1%          1
 Conjure Flame            Conj/Fire      58%        6-21      1%          3
 Ignite Poison            Fire/Tmut/Pois 58%        N/A       1%          3
 Animate Dead             Necr           27%        N/A       1%          4
 Sticky Flame             Conj/Fire      58%        2d7       1%          4
 Alistair's Intoxication  Tmut/Pois      38%        N/A       1%          5
 Borgnjor's Vile Clutch   Necr/Erth      29%        N/A       1%          5
 Death Channel            Necr           27%        N/A       7%          6
 Discord                  Hex            27%        N/A       95%         8
 Disjunction              Tloc           27%        N/A       95%         8
 Polar Vortex             Ice            30%        N/A       100%        9


Dungeon Overview and Level Annotations

Branches:
Dungeon (10/15)            Temple (1/1) D:6            Lair (6/6) D:10
 Shoals (0/4) Lair:4        Snake (0/4) Lair:4        Slime (0/5) Lair:6
  Sewer (visited)         Ossuary (visited)           IceCv (visited)
Volcano (visited)
    Orc: D:9-12

Altars:
Ashenzari
Cheibriados
Dithmenos
Elyvilon
Fedhas
Gozag
Hepliaklqana
Kikubaaqudgha
Makhleb
Nemelex Xobeh
Okawaru
Qazlal
Ru
Sif Muna
Trog
Uskayaw
Vehumet
Wu Jian
Xom
Yredelemnul
Zin
The Shining One

Shops:
D:2 :   D:7 *   D:10 *

Annotations:
Lair:6 exclusion: 2 oklob plants


Innate Abilities, Weirdness & Mutations

You have very sharp teeth.
Your uncanny sense of smell can sniff out nearby items.
Your experience applies equally to all skills.
You have hidden genetic potential.
You expend magic power (3 MP) to strengthen your wands.


Message History

* * * LOW HITPOINT WARNING * * *
The polar bear claws you but does no damage.
The polar bear completely misses you.
You slash the polar bear!
The polar bear is moderately wounded.
The polar bear bites you.
* * * LOW HITPOINT WARNING * * *
You block the polar bear's attack. The polar bear closely misses you.
You hit the polar bear but do no damage.
The polar bear is moderately wounded.
The polar bear bites you but does no damage.
The polar bear claws you but does no damage. x2
You slash the polar bear!
The polar bear is severely wounded.
You hear an angry growl.
The polar bear goes berserk!
You hear a howl! x2; You hear an angry growl.
You slash the polar bear!
The polar bear is almost dead.
The polar bear completely misses you. You block the polar bear's attack.
The polar bear closely misses you.
You hit the polar bear but do no damage.
The polar bear is almost dead.
You block the polar bear's attack.
The polar bear claws you but does no damage.
You block the polar bear's attack.
A polar bear comes into view.
The polar bear barely misses you. The polar bear claws you.
* * * LOW HITPOINT WARNING * * *
The polar bear claws you but does no damage.
You barely miss the polar bear.
The polar bear is almost dead.
The polar bear bites you!
* * * LOW HITPOINT WARNING * * *
The polar bear claws you but does no damage. x2
You feel better. The polar bear bites you.
* * * LOW HITPOINT WARNING * * *
The polar bear barely misses you. The polar bear closely misses you.
The polar bear bites you!
You die...

# * *** * *.#.#. . * * , ##
* * $...# # # { ,.#.##
*,h....#.# #, ,.....## *
.....# #,,,,∆ ,....##
###....$# ## ,,, , ....#
###h....#* ##*
*.##.#.##..#####....#∆* ##
########..####?h##..###
#######.#...#...@#h...##...#
###....#†..÷.÷÷÷#h.......#*#
P#.††.†.÷.....#÷#....###...
..#.....#.#.#.##.#.†.[##*..
..÷#...##########.#†.#.# . ,
..÷.#### ##########*, ,∆
....### ##### ** * ....P####
** ..P..P###############


You could see 2 polar bears.

Vanquished Creatures
  Josephine (D:10)
  A fire dragon (Lair:2)
  5 hydras
  A catoblepas (Lair:2)
  2 ironbound frosthearts (IceCv)
  2 two-headed ogres (Volcano)
  6 death yaks
  The ghost of Valamore the Charlatan, a novice GnWn of Cheibriados (D:7)
  Pikel (D:6)
  2 lindwurms
  An oklob plant (D:7)
  2 salamanders (Volcano)
  6 elephants
  Maurice (D:8)
  2 ice statues
  6 black mambas
  11 cane toads
  6 rime drakes
  3 torpor snails
  A kobold demonologist (D:9)
  9 komodo dragons
  2 trolls
  2 hornets (D:8)
  14 polar bears
  Prince Ribbit (D:5)
  3 raiju (Lair:6)
  8 blink frogs
  5 dream sheep
  A snapping turtle (Lair:4)
  48 yaks
  3 wraiths
  5 wyverns
  2 fire bats (Volcano)
  3 basilisks
  Grum (D:8)
  2 steam dragons
  A death yak simulacrum (Lair:6)
  4 nagas (Lair:4)
  3 wargs (Lair:6)
  27 water moccasins
  6 hell hounds
  2 orc warriors
  12 black bears
  An ice beast (D:6)
  2 sky beasts
  A necrophage (D:4)
  29 wolves
  3 ogres
  3 centaurs
  3 lemures (D:6)
  A kobold brigand (D:9)
  A phantom (D:3)
  Blork the orc (D:4)
  13 bullfrogs
  A gnoll sergeant (D:6)
  2 cane toad simulacra (Lair:6)
  12 scorpions
  8 killer bees (D:8)
  3 water moccasin skeletons
  An elephant simulacrum (Lair:6)
  2 vampire bats (Lair:2)
  5 wights (D:7)
  An electric eel (Lair:5)
  A lava snake (Lair:2)
  6 centaur zombies
  3 human zombies
  2 orc priests
  Crazy Yiuf (D:3)
  3 hounds
  A gnoll shaman (D:8)
  3 jellies (Sewer)
  3 bullfrog skeletons
  A centaur skeleton (D:6)
  3 iguanas
  8 orc wizards
  5 scorpion zombies (Ossuary)
  Terence (D:2)
  A hound zombie (D:5)
  4 mummies
  Robin (D:3)
  14 gnolls
  3 adders
  A river rat (D:5)
  2 white imps
  2 worms
  4 dart slugs
  16 orcs
  11 ball pythons
  11 bats
  12 endoplasms
  11 giant cockroaches
  3 gnoll zombies (Ossuary)
  13 goblins
  10 hobgoblins
  7 jackals
  2 quokkas
  12 frilled lizards
  A goblin zombie (Ossuary)
  2 hobgoblin zombies
  10 kobolds
  4 kobold zombies
  6 orc zombies
  16 rats
  A toadstool (D:5)
539 creatures vanquished.

Vanquished Creatures (others)
  An unseen horror (D:7)
  2 orc wizards (D:7)
  A howler monkey zombie (D:7)
  9 ball lightnings
  29 fungi
  36 plants
  4 toadstools (D:5)
82 creatures vanquished.

Grand Total: 621 creatures vanquished

Notes
Turn   | Place    | Note
-------+----------+-------------------------------------------
     0 | D:1      | jiml777 the Gnoll Air Elementalist began the quest for the
                  | Orb.
     0 | D:1      | Reached XP level 1. HP: 13/13 MP: 6/6
   137 | D:1      | Reached XP level 2. HP: 19/19 MP: 1/7
   501 | D:1      | Found a faded altar of an unknown god.
   570 | D:1      | Reached XP level 3. HP: 25/25 MP: 3/9
   576 | D:1      | Reached skill level 5 in Spellcasting
  1300 | D:2      | Reached skill level 1 in Invocations
  1485 | D:2      | Found Xiehacw's Book Emporium.
  1639 | D:2      | Noticed an ogre
  1641 | D:2      | Noticed Terence
  1650 | D:2      | Killed an ogre
  1651 | D:2      | Reached skill level 1 in Fighting
  1651 | D:2      | Reached skill level 1 in Short Blades
  1651 | D:2      | Reached skill level 1 in Long Blades
  1651 | D:2      | Reached skill level 1 in Axes
  1651 | D:2      | Reached skill level 1 in Maces & Flails
  1651 | D:2      | Reached skill level 1 in Polearms
  1651 | D:2      | Reached skill level 1 in Staves
  1651 | D:2      | Reached skill level 1 in Slings
  1651 | D:2      | Reached skill level 1 in Bows
  1651 | D:2      | Reached skill level 1 in Crossbows
  1651 | D:2      | Reached skill level 1 in Throwing
  1651 | D:2      | Reached skill level 1 in Armour
  1651 | D:2      | Reached skill level 1 in Shields
  1651 | D:2      | Reached skill level 1 in Unarmed Combat
  1651 | D:2      | Reached skill level 1 in Hexes
  1651 | D:2      | Reached skill level 1 in Summonings
  1651 | D:2      | Reached skill level 1 in Necromancy
  1651 | D:2      | Reached skill level 1 in Translocations
  1651 | D:2      | Reached skill level 1 in Transmutations
  1651 | D:2      | Reached skill level 1 in Fire Magic
  1651 | D:2      | Reached skill level 1 in Ice Magic
  1651 | D:2      | Reached skill level 1 in Earth Magic
  1651 | D:2      | Reached skill level 1 in Poison Magic
  1651 | D:2      | Reached skill level 1 in Evocations
  1651 | D:2      | Reached XP level 4. HP: 32/32 MP: 6/11
  1651 | D:2      | Reached XP level 5. HP: 37/37 MP: 6/12
  1658 | D:2      | Killed Terence
  1913 | D:2      | Learned a level 2 spell: Static Discharge
  1917 | D:2      | Learned a level 3 spell: Swiftness
  1922 | D:2      | Learned a level 4 spell: Airstrike
  2164 | D:3      | Noticed a phantom
  2188 | D:3      | Killed a phantom
  2189 | D:3      | Reached XP level 6. HP: 38/44 MP: 7/13
  2239 | D:3      | Found a glowing silver altar of Zin.
  2239 | D:3      | Found a stormy altar of Qazlal.
  2250 | D:3      | Found a faded altar of an unknown god.
  2252 | D:3      | Found a white marble altar of Elyvilon.
  2253 | D:3      | Found a hide-covered altar of Uskayaw.
  2385 | D:3      | Found a runed translucent door.
  2386 | D:3      | Noticed Crazy Yiuf
  2395 | D:3      | Killed Crazy Yiuf
  2759 | D:3      | Noticed Robin
  2762 | D:3      | Killed Robin
  2782 | D:3      | Reached skill level 5 in Dodging
  3104 | D:4      | Identified a scroll of acquirement
  3104 | D:4      | Acquired the +8 broad axe "Remybby" {vorpal, rC+ MP+9}
  3174 | D:4      | Noticed a necrophage
  3184 | D:4      | Killed a necrophage
  3226 | D:4      | Reached XP level 7. HP: 43/50 MP: 15/15
  3314 | D:4      | Noticed Blork the orc
  3320 | D:4      | Killed Blork the orc
  3710 | D:5      | Entered Level 5 of the Dungeon
  3831 | D:5      | Reached skill level 5 in Stealth
  3832 | D:5      | Found a sand-covered staircase.
  3837 | Ossuary  | Entered an ossuary
  3878 | Ossuary  | Reached XP level 8. HP: 50/57 MP: 16/16
  4273 | D:5      | Found a glowing drain.
  4286 | Sewer    | Entered a sewer
  4388 | Sewer    | Reached XP level 9. HP: 40/65 MP: 18/18
  4473 | Sewer    | Found a viscous altar of Jiyva.
  4650 | D:5      | Noticed Prince Ribbit
  4659 | D:5      | Killed Prince Ribbit
  5288 | D:6      | Found an opulent altar of Gozag.
  5308 | D:6      | Noticed Pikel
  5323 | D:6      | Killed Pikel
  5324 | D:6      | Reached skill level 5 in Invocations
  5382 | D:6      | Reached XP level 10. HP: 43/73 MP: 20/20
  5445 | D:6      | Reached skill level 5 in Conjurations
  5445 | D:6      | Reached skill level 5 in Hexes
  5445 | D:6      | Reached skill level 5 in Summonings
  5445 | D:6      | Reached skill level 5 in Necromancy
  5445 | D:6      | Reached skill level 5 in Translocations
  5445 | D:6      | Reached skill level 5 in Transmutations
  5445 | D:6      | Reached skill level 5 in Fire Magic
  5445 | D:6      | Reached skill level 5 in Ice Magic
  5445 | D:6      | Reached skill level 5 in Earth Magic
  5445 | D:6      | Reached skill level 5 in Poison Magic
  5445 | D:6      | Reached XP level 11. HP: 81/81 MP: 23/23
  5446 | D:6      | Reached XP level 12. HP: 91/91 MP: 24/24
  5447 | D:6      | Reached XP level 13. HP: 98/98 MP: 26/26
  5448 | D:6      | Acquired 1039 gold pieces
  5462 | D:6      | Found the +18 Lear's hauberk
  5602 | D:6      | Found a staircase to the Ecumenical Temple.
  5614 | Temple   | Entered the Ecumenical Temple
  5667 | Temple   | Became a worshipper of Ashenzari the Shackled
  6159 | D:7      | Found Yshyt's Assorted Antiques.
  6196 | D:7      | Bought a scroll labelled INEODU NOFA for 31 gold pieces
  6318 | D:7      | Found a transporter.
  6323 | D:7      | Identified the +4 morningstar "Peug" {vorpal, Str+3 Int+2
                  | Dex+2}
  6325 | D:7      | Noticed Valamore's ghost (novice GnWn)
  6342 | D:7      | Found a transporter.
  6654 | D:7      | Found a sacrificial altar of Ru.
  6654 | D:7      | Found a sparkling altar of Nemelex Xobeh.
  6907 | D:7      | Killed Valamore's ghost
  7231 | D:8      | Paralysed by a hornet for 3 turns
  7235 | D:8      | HP: 4/98 [hornet (12)]
  7386 | D:8      | Noticed Maurice
  7393 | D:8      | Killed Maurice
  7399 | D:8      | Noticed Grum
  7411 | D:8      | HP: 2/98 [Grum/+0 spear of flaming (3)]
  7596 | D:8      | Killed Grum
  8621 | D:10     | Entered Level 10 of the Dungeon
  8641 | D:10     | Learned a level 6 spell: Conjure Ball Lightning
  8752 | D:10     | Found a staircase to the Lair.
  8794 | D:10     | Noticed Josephine
  8925 | D:10     | Killed Josephine
  9054 | D:10     | Reached * piety under Ashenzari
  9063 | D:10     | Found Gam Alun's Elemental Accessories.
  9072 | D:10     | Bought a staff of air for 375 gold pieces
  9602 | Lair:1   | Entered Level 1 of the Lair of Beasts
 10333 | Lair:2   | Reached skill level 10 in Spellcasting
 10362 | Lair:2   | Reached ** piety under Ashenzari
 11308 | Lair:2   | Noticed a fire dragon
 11309 | Lair:2   | Identified the amulet "Hoc Imut" {Acrobat Rampage rC+
                  | Int+3}
 11350 | Lair:2   | Killed a fire dragon
 11351 | Lair:2   | Reached XP level 14. HP: 56/106 MP: 28/28
 11894 | Lair:2   | Reached *** piety under Ashenzari
 12118 | Lair:3   | Reached skill level 10 in Dodging
 12191 | Lair:3   | Found a dark tunnel.
 12213 | Volcano  | Entered a volcano
 12348 | Volcano  | HP: 5/106 [salamander/+0 glaive (4)]
 12365 | Volcano  | HP: 3/106 [salamander/+0 glaive (10)]
 12365 | Volcano  | HP: 1/106 [salamander/+0 glaive (2)]
 12779 | Lair:3   | Reached skill level 10 in Stealth
 13577 | Lair:4   | Reached **** piety under Ashenzari
 13636 | Lair:4   | Reached skill level 10 in Invocations
 13641 | Lair:4   | Found a staircase to the Snake Pit.
 14195 | Lair:4   | Found a staircase to the Shoals.
 14381 | Lair:2   | Identified the Catalogue of Nocuous Curses
 15293 | Lair:6   | Entered Level 6 of the Lair of Beasts
 15339 | Lair:6   | Identified the +4 battleaxe of Spite {venom, *Rage rC++
                  | MP+9 Str+3}
 15350 | Lair:6   | Found a frozen archway.
 15388 | IceCv    | Entered an ice cave
 15753 | IceCv    | Reached XP level 15. HP: 64/114 MP: 25/29
 15969 | IceCv    | Identified the amulet of Evidweps {Faith rElec Dex+5
                  | Slay-3}
 16411 | Lair:6   | Gained mutation: You are frail. (-10% HP) [potion of
                  | mutation]
 16412 | Lair:6   | Lost mutation: You are frail. (-10% HP) [potion of
                  | mutation]
 16412 | Lair:6   | Gained mutation: You are weak. (Str -2) [potion of
                  | mutation]
 16412 | Lair:6   | Gained mutation: You expend magic power (3 MP) to
                  | strengthen your wands. [potion of mutation]
 16412 | Lair:6   | Gained mutation: You have hidden genetic potential. [potion
                  | of mutation]
 16413 | Lair:6   | Lost mutation: You are weak. (Str -2) [potion of mutation]
 16413 | Lair:6   | Lost mutation: You have hidden genetic potential. [potion
                  | of mutation]
 16413 | Lair:6   | Gained mutation: You have hidden genetic potential. [potion
                  | of mutation]
 16478 | Lair:6   | Found a staircase to the Slime Pits.
 16528 | Lair:6   | Reached skill level 10 in Air Magic
 16912 | Lair:6   | Reached skill level 10 in Fighting
 16912 | Lair:6   | Reached skill level 10 in Short Blades
 16912 | Lair:6   | Reached skill level 10 in Long Blades
 16912 | Lair:6   | Reached skill level 10 in Axes
 16912 | Lair:6   | Reached skill level 10 in Maces & Flails
 16912 | Lair:6   | Reached skill level 10 in Polearms
 16912 | Lair:6   | Reached skill level 10 in Staves
 16912 | Lair:6   | Reached skill level 10 in Slings
 16912 | Lair:6   | Reached skill level 10 in Bows
 16912 | Lair:6   | Reached skill level 10 in Crossbows
 16912 | Lair:6   | Reached skill level 10 in Throwing
 16912 | Lair:6   | Reached skill level 10 in Armour
 16912 | Lair:6   | Reached skill level 10 in Shields
 16912 | Lair:6   | Reached skill level 10 in Unarmed Combat
 16912 | Lair:6   | Reached skill level 10 in Evocations
 17025 | Lair:6   | Learned a level 5 spell: Freezing Cloud
 17032 | Lair:6   | Learned a level 6 spell: Simulacrum
 17234 | Lair:6   | Identified the +1 leather armour of Peivvye {+Inv Will+
                  | Dex+4}
 17698 | Lair:6   | HP: 5/115 [polar bear (15)]
 17699 | Lair:6   | Slain by a polar bear

Illustrated notes

Levels and vault maps discovered:
D:1:      dpeg_arrival_simpleton_c, layout_basic,
          chequers_ecumenical_altar_simple
D:2:      layout_rooms, serial_shops, shop, hangedman_abyss_or_decor_stabs,
          uniq_terence
D:3:      layout_basic, chequers_temple_overflow_minitemple,
          uniq_crazy_yiuf_cottage, uniq_robin
D:4:      layout_loops_ring, chequers_serial_rivers_micro_d,
          hangedman_abyss_or_decor_slice, minmay_mini_ossuary,
          uniq_blork_the_orc
D:5:      layout_rooms, enter_ossuary_3, portal_sewer_entry_b,
          minmay_gold_behind_fungi, minmay_misc_feat_tower, glass_columns_b,
          grunt_ministairs_9, uniq_prince_ribbit1
D:6:      layout_rooms, mainiacjoe_overflow_cross_hatched, temple_green,
          serial_aquarium, aquarium_bridge_straight [aquarium_subvault_bridge,
          aquarium_subvault_window, aquarium_subvault_bridge,
          aquarium_subvault_balcony], aquarium_bridge_square
          [aquarium_subvault_bridge, aquarium_subvault_balcony,
          aquarium_subvault_window, aquarium_subvault_bridge],
          aquarium_window_corner, aquarium_window_1, aquarium_window_fake,
          aquarium_window_corridor_3, aquarium_view_2c, aquarium_balcony_3b,
          hellmonk_guarded_unrand_lears, uniq_pikel
D:7:      layout_basic, gammafunk_temple_overflow_pools, nzn_ghost_randoct,
          serial_shops, nicolae_shop_waterfront
D:8:      layout_basic, minmay_misc_feat_tiny, uniq_grum, uniq_maurice
D:9:      layout_gridville, hangedman_decor_push, minmay_misc_feat_chi
D:10:     nicolae_cairo_tiling_large_dashed, layout_stronghold,
          david_lair_generic, nicolae_elemental_shop, uniq_josephine
Temple:   eino_wide_crystal_templ
Lair:1:   layout_concentric_octagons, pond
Lair:2:   dragon1_lemuel, layout_layer_cave, serial_bayou_pond_c,
          roderic_batcave
Lair:3:   layout_loops_ring, lightli_volcano_entry_magma_tube,
          beast_lair_carwin_5, grunt_megastairs_4
Lair:4:   layout_concentric_octagons, minmay_shoals_entry_hut,
          minmay_snake_entry_guardpost_small, grunt_megastairs_3
Lair:5:   layout_gridlike
Lair:6:   hangedman_lair_caniforms_friends, layout_regular_city,
          minmay_slime_entry_oklob_enclosed,
          portal_ice_cave_entry_ice_simulacra, minmay_lair_drake_nest

Skill      XL: |  1  2  3  4  5  6  7  8  9 10 11 12 13 14 15 |
---------------+----------------------------------------------+-----
Conjurations   | 2 3 4 5 6 7 8 |  8.8
Spellcasting   | 5 6 7 8 9 10 11 | 11.3
Invocations    | 1 2 3 4 5 6 7 8 9 10 11 | 11.0
Fighting       | 1 2 3 4 6 7 8 9 10 | 10.1
Short Blades   | 1 2 3 4 6 7 8 9 10 | 10.1
Long Blades    | 1 2 3 4 6 7 8 9 10 | 10.1
Axes           | 1 2 3 4 6 7 8 9 10 | 10.1
Maces & Flails | 1 2 3 4 6 7 8 9 10 | 10.1
Polearms       | 1 2 3 4 6 7 8 9 10 | 10.1
Staves         | 1 2 3 4 6 7 8 9 10 | 10.1
Slings         | 1 2 3 4 6 7 8 9 10 | 10.1
Bows           | 1 2 3 4 6 7 8 9 10 | 10.1
Crossbows      | 1 2 3 4 6 7 8 9 10 | 10.1
Throwing       | 1 2 3 4 6 7 8 9 10 | 10.1
Armour         | 1 2 3 4 6 7 8 9 10 | 10.1
Shields        | 1 2 3 4 6 7 8 9 10 | 10.1
Unarmed Combat | 1 2 3 4 6 7 8 9 10 | 10.1
Hexes          | 1 2 3 5 6 7 8 |  8.5
Summonings     | 1 2 3 5 6 7 8 |  8.5
Necromancy     | 1 2 3 5 6 7 8 |  8.5
Translocations | 1 2 3 5 6 7 8 |  8.5
Transmutations | 1 2 3 5 6 7 8 |  8.5
Fire Magic     | 1 2 3 5 6 7 8 |  8.5
Ice Magic      | 1 2 3 5 6 7 8 |  8.5
Earth Magic    | 1 2 3 5 6 7 8 |  8.5
Poison Magic   | 1 2 3 5 6 7 8 |  8.5
Evocations     | 1 2 3 4 6 7 8 9 10 | 10.1
Dodging        | 5 6 7 8 9 10 11 | 11.1
Stealth        | 5 6 7 8 9 10 11 | 11.0
Air Magic      | 6 7 8 9 10 | 10.1

Action                   |  1- 3 |  4- 6 |  7- 9 | 10-12 | 13-15 || total
-------------------------+-------+-------+-------+-------+-------++-------
Melee: Short sword       |    26 |   112 |       |       |       ||   138
       Bite              |     2 |     9 |    24 |     1 |   186 ||   222
       Broad axe         |       |    11 |   291 |    11 |  1261 ||  1574
 Cast: Shock             |    64 |    32 |    17 |       |    16 ||   129
       Airstrike         |       |       |     1 |       |    77 ||    78
       Conjure Ball Ligh |       |       |       |       |     4 ||     4
       Swiftness         |       |       |       |       |     2 ||     2
Invok: Curse Item        |       |       |       |       |     7 ||     7
Evoke: Wand              |       |       |       |       |     2 ||     2
  Use: Scroll            |       |     4 |    15 |     1 |    12 ||    32
       Potion            |       |       |     4 |     3 |    26 ||    33
 Stab: Distracted        |       |     1 |       |       |     3 ||     4
       Sleeping          |       |     3 |     9 |       |    33 ||    45
       Invisible         |       |       |       |       |     8 ||     8
Armor: Robe              |     5 |     8 |    47 |       |    51 ||   111
       Leather armour    |       |       |       |       |   189 ||   189
       Steam dragon scal |       |       |       |       |     7 ||     7
       Fire dragon scale |       |       |       |       |    83 ||    83
Dodge: Dodged            |    52 |    83 |   283 |     4 |  1027 ||  1449
Block: Buckler           |       |    24 |    91 |     2 |   656 ||   773
